AoeStats
← SeductiveSloth

Arabia

509232926Analyzed
1v1 RM · 7d ago on Sep 26, 2026· 55m 36s· 2 players
Game mode
Random Map
Map size
Tiny (2 player)
Population
200
Speed
Normal
Resources
Standard
Victory
Conquest
Starting age
Dark Age
Ending age
Imperial Age
RankedLock teamsTeams togetherTeam positionsShared explorationLock speedFull tech treeHidden civsTurbo modeCheats
Victory
Defeat
🇧🇷 Magyars · Brazil
1221
+15
🇦🇺 Turks · Australia
1200
-15
SeductiveSloth
6:49 Loom
9:18 Feudal Age
13:16 Scale Barding Armor
13:25 Forging
18:04 Wheelbarrow
21:05 Castle Age
19:10 Horse Collar
20:11 Double-Bit Axe
20:18 Gold Mining
21:30 Bloodlines
22:36 Chain Barding Armor
41:21 Imperial Age
42:36 Conscription
42:30 Heavy Camel Rider
52:29 Plate Barding Armor
52:30 Iron Casting
52:32 Heavy Plow
CharlesXVaoe
6:10 Loom
8:32 Feudal Age
15:27 Horse Collar
20:18 Castle Age
18:23 Gold Mining
19:39 Bloodlines
20:39 Scale Barding Armor
20:42 Double-Bit Axe
21:50 Husbandry
22:47 Wheelbarrow
23:02 Pikeman
29:21 Scale Mail Armor
29:40 Town Watch
32:15 Arson
32:20 Town Watch
33:36 Gold Shaft Mining
32:51 Stone Mining
35:22 Sanctity
36:08 Hand Cart
36:14 Chain Mail Armor
36:21 Bow Saw
37:30 Town Patrol
37:53 Heavy Plow
41:54 Fletching
42:04 Padded Archer Armor
44:51 Imperial Age
42:50 Bodkin Arrow
43:16 Chain Barding Armor
43:48 Thumb Ring
43:04 Crossbowman
44:33 Light Cavalry
45:30 Cavalier
47:26 Conscription
47:41 Ballistics
48:02 Bracer
48:37 Plate Barding Armor
49:36 Leather Archer Armor
51:33 Arbalester
56:39 Chemistry
Connection lost

Rejoining the realm…

Still unreachable

The connection could not be restored.

Session expired

The server has moved on; the page needs a fresh start.